 Dungeon Crawl Stone Soup version 0.32-a0-314-g526f7d4993 (webtiles) character file.

Game seed: 9773389525310690940

837 jasper the Cleaver (level 7, -6/57 HPs)
             Began as a Mountain Dwarf Cinder Acolyte on Feb 15, 2024.
             Was a High Priest of Ignis.
             Constricted to death by Pikel (8 damage)
             ... on level 4 of the Dungeon.
             The game lasted 00:04:41 (2958 turns).

jasper the Cleaver (Mountain Dwarf Cinder Acolyte)  Turns: 2958, Time: 00:04:42

Health: -6/57      AC: 15    Str: 24    XL:     7   Next: 66%
Magic:  8/8        EV: 11    Int: 15    God:    Ignis [*****.]
Gold:   109        SH:  0    Dex:  5    Spells: 8/8 levels left

rFire   + . .        a - -1 hand axe (flame)
rCold   . . .        (no shield)
rNeg    . . .        f - +0 scale mail
rPois   .            z - +0 helmet
rElec   .            e - +0 cloak
rCorr   .            (no gloves)
SInv    .            (no boots)
Will    .....        (no amulet) Stlth
                     h - +6 ring of strength
HPRegen 0.29/turn    i - +5 ring of evasion
MPRegen 0.11/turn

%: no passive effects
@: grasped by roots, fiery-armoured, constricted
A: runic magic, artefact enchanting
a: Renounce Religion, Fiery Armour, Foxfire Swarm, Rising Flame


You were on level 4 of the Dungeon.
You worshipped Ignis.
Ignis was extremely pleased with you.
You visited 1 branch of the dungeon, and saw 4 of its levels.

You collected 109 gold pieces.

Inventory:

Hand Weapons
 a - a -1 hand axe of flaming (weapon)
 k - a +0 dagger
 l - a +3 whip of holy wrath
 x - a +1 scythe of flaming
Missiles
 j - 3 stones (quivered)
 m - 3 boomerangs
 u - 6 poisoned darts
Armour
 b - a +0 robe
 d - a +1 hat
 e - a +0 cloak (worn)
 f - a +0 scale mail (worn)
 z - a +0 helmet (worn)
 A - a +1 helmet
Jewellery
 h - a +6 ring of strength (left hand)
 i - a +5 ring of evasion (right hand)
Scrolls
 n - 3 scrolls of teleportation
 v - a scroll of poison {unknown}
 y - a scroll of identify
Potions
 c - 2 potions of enlightenment
 g - a potion of curing {unknown}
 o - a potion of might {unknown}
 p - a potion of cancellation {unknown}
 q - a potion of attraction {unknown}
 r - a potion of resistance {unknown}
 s - a potion of degeneration {unknown}
 t - a potion of mutation {unknown}
 w - a potion of ambrosia {unknown}


   Skills:
 - Level 3.2 Fighting
 + Level 11.0 Axes
 - Level 1.0 Spellcasting
 - Level 3.6 Fire Magic


You had 8 spell levels left.
You didn't know any spells.
Your spell library contained the following spells:

 Spells                   Type           Power      Damage    Failure   Level
 Scorch                   Fire           22%        2d5       11%         2
 Sandblast                Erth           0%         2d4       30%         1
 Passwall                 Erth           0%         N/A       67%         3
 Stone Arrow              Conj/Erth      0%         3d7       67%         3
 Ignite Poison            Fire/Alch      6%         N/A       83%         4
 Sticky Flame             Fire/Alch      6%         2d4       83%         4
 Brom's Barrelling Bould  Conj/Erth      0%         2d3       97%         4
 Ignition                 Fire           5%         3d4       100%        8


Dungeon Overview and Level Annotations

Branches:
Dungeon (4/15)
 Temple: D:4-7

Altars:

Annotations:
D:4 1 runed translucent door, Crazy Yiuf, Pikel


Innate Abilities, Weirdness & Mutations

Your spellcasting is much less encumbered by armour.
You can use scrolls of enchantment on lesser artefacts.


Message History

Pikel freezes you.
* * * LOW HITPOINT WARNING * * *
Pikel is burned by your cloak of flames.
Pikel is severely wounded.
The grasping roots constrict you.
* * * LOW HITPOINT WARNING * * *
You take 8 damage, and have 15/57 hp.
Okay, then.
Unknown command.
You aren't carrying any items that you can evoke.
Unknown command.
Unknown command.
You barely miss Pikel.
Pikel is severely wounded.
Pikel hits you but does no damage.
Pikel is burned by your cloak of flames.
Pikel is severely wounded.
The grasping roots constrict you.
* * * LOW HITPOINT WARNING * * *
You take 1 damage, and have 14/57 hp.
You barely miss Pikel.
Pikel is severely wounded.
The grasping roots release their grip on you.
You miss Pikel.
Pikel is severely wounded.
Pikel zaps a wand.
The roots erupt in riotous growth!
The grasping roots grab you!
Pikel is unaffected.
The grasping roots constrict you.
* * * LOW HITPOINT WARNING * * *
You take 2 damage, and have 12/57 hp.
You barely miss Pikel.
Pikel is severely wounded.
Pikel hits you with a +0 whip of freezing!
* * * LOW HITPOINT WARNING * * *
Pikel freezes you.
* * * LOW HITPOINT WARNING * * *
The grasping roots constrict you!
You die...
Pikel says, "See you in Hell!" Ignis goes out, and joins you in death.

♣♣.♣ #..######<......
♣.♣♣ #..# #.####.#
♣♣.♣♣ ##..######.# #.#
♣...♣♣
#..........####.#
♣....♣
##..########....<
#....#
##..########.####
#....# #)....)......#
##...#####.##.########
##.555K@..##....#
##.###########.# #.#
#.# ########.#
#.######## .K.5...K.#
#<........ ##########
##########


You could see Pikel and 3 lemures.

Vanquished Creatures
  Sigmund (D:4)
  Eustachio (D:4)
  A black bear (D:4)
  An ogre (D:4)
  A lemure (D:4)
  A phantom (D:4)
  An iguana (D:4)
  Robin (D:4)
  5 gnolls
  4 adders
  3 dart slugs
  3 ribbon worms
  7 orcs
  7 endoplasms
  A giant cockroach (D:1)
  8 goblins
  8 hobgoblins
  3 jackals (D:2)
  6 quokkas
  8 ball pythons
  5 bats
  2 frilled lizards
  8 kobolds
  9 rats
95 creatures vanquished.

Notes
Turn   | Place    | Note
-------+----------+-------------------------------------------
     0 | D:1      | jasper the Mountain Dwarf Cinder Acolyte began the quest
                  | for the Orb.
     0 | D:1      | Reached XP level 1. HP: 19/19 MP: 2/2
    54 | D:1      | Reached skill level 4 in Axes
    54 | D:1      | Reached XP level 2. HP: 24/26 MP: 3/3
   269 | D:1      | Reached skill level 5 in Axes
   314 | D:1      | Reached XP level 3. HP: 19/31 MP: 4/4
   984 | D:2      | Reached skill level 6 in Axes
   984 | D:2      | Reached XP level 4. HP: 34/38 MP: 5/5
  1287 | D:2      | Reached skill level 7 in Axes
  1287 | D:2      | Reached XP level 5. HP: 41/45 MP: 6/6
  1912 | D:3      | Found a faded altar of an unknown god.
  2397 | D:4      | Noticed a phantom
  2418 | D:4      | Killed a phantom
  2419 | D:4      | Reached skill level 8 in Axes
  2419 | D:4      | Reached XP level 6. HP: 47/51 MP: 7/7
  2511 | D:4      | Noticed Sigmund
  2523 | D:4      | Killed Sigmund
  2524 | D:4      | Reached skill level 9 in Axes
  2531 | D:4      | Reached XP level 7. HP: 57/57 MP: 8/8
  2600 | D:4      | Noticed Eustachio
  2606 | D:4      | Killed Eustachio
  2607 | D:4      | Reached skill level 10 in Axes
  2708 | D:4      | Noticed Robin
  2726 | D:4      | Killed Robin
  2778 | D:4      | Reached skill level 11 in Axes
  2897 | D:4      | Found a runed translucent door.
  2898 | D:4      | Noticed Crazy Yiuf
  2917 | D:4      | Noticed Pikel
  2958 | D:4      | HP: 2/57 [Pikel/+0 whip of freezing (2)]
  2958 | D:4      | Constricted to death by Pikel

Illustrated notes

Levels and vault maps discovered:
D:1:      dpeg_arrival_simpleton_c, layout_loops_ring
D:2:      layout_rooms
D:3:      layout_basic, shapermc_ecumenical_altar_ellora
D:4:      layout_loops_ring, uniq_crazy_yiuf_cottage, uniq_eustachio,
          uniq_robin, uniq_sigmund, uniq_pikel

Skill      XL: |  1  2  3  4  5  6  7 |
---------------+----------------------+-----
Axes           | 4 5 6 7 8 9 11 | 11.0
Fighting       | |  3.2
Spellcasting   | |  1.0
Fire Magic     | |  3.6

Action                     |  1- 3 |  4- 6 |  7- 9 || total
---------------------------+-------+-------+-------++-------
  Melee: Hand axe          |   104 |   195 |    65 ||   364
  Throw: Stone             |       |     4 |       ||     4
 Invoke: Fiery Armour      |     1 |     1 |     1 ||     3
  Evoke: Wand              |       |       |     2 ||     2
    Use: Scroll            |       |     3 |       ||     3
 Armour: Robe              |    70 |    13 |       ||    83
         Scale mail        |       |    77 |    26 ||   103
  Dodge: Dodged            |    87 |   123 |    29 ||   239

Table legend: (Time is in decaauts)
 A = Elapsed time spent in this place.
 B = Non-inter-level travel time spent in this place.
 C = Inter-level travel time spent in this place.
 D = Time resting spent in this place.
 E = Time spent auto-exploring this place.
 F = Levels seen in this place.
 G = Mean time per level.
                   A        B        C        D        E       F      G
               +--------+--------+--------+--------+--------+-----+--------+
         Total |   2934 |   2814 |    120 |    114 |   1902 |   4 |  733.5 |
       Dungeon |   2934 |   2814 |    120 |    114 |   1902 |   4 |  733.5 |
               +--------+--------+--------+--------+--------+-----+--------+

Top non-repeatable levels by time:
     D:1: 861 daAuts
     D:2: 718 daAuts
     D:3: 686 daAuts
     D:4: 668 daAuts
